 Dungeon Crawl Stone Soup version 0.28-a0-1227-ga9037bb4c8 (webtiles) character file.

Game seed: 14088023651876760049

25 cameronsadist the Firebug (level 2, 0/20 HPs)
             Began as a Demigod Wanderer on Dec 22, 2021.
             Slain by a worm (5 damage)
             ... on level 2 of the Dungeon.
             The game lasted 00:04:52 (677 turns).

cameronsadist the Firebug (Demigod Wanderer)         Turns: 677, Time: 00:04:53

Health: 0/20       AC:  6    Str: 14    XL:     2   Next: 63%
Magic:  5/5        EV:  9    Int: 14    God:
Gold:   80         SH:  0    Dex: 12    Spells: 2/3 levels left

rFire   . . .      SeeInvis .   e - +0 long sword
rCold   . . .      Faith    .   (no shield)
rNeg    . . .      Spirit   .   c - +0 scale mail
rPois   .          Reflect  .   (no helmet)
rElec   .          Harm     .   (no cloak)
rCorr   .          Rampage  .   (no gloves)
Will    .....                   (no boots)
Stlth   ..........              (no amulet)
HPRegen 0.06/turn               (no ring)
MPRegen 0.09/turn               (no ring)

@: no status effects
A: high mp 1, forlorn, divine attributes
a: no special abilities


You were on level 2 of the Dungeon.
You visited 1 branch of the dungeon, and saw 2 of its levels.

You collected 80 gold pieces.

Inventory:

Hand Weapons
 a - a +0 club
 e - a +0 long sword (weapon)
Missiles
 b - 45 stones (quivered)
Armour
 c - a +0 scale mail (worn)
Scrolls
 d - a scroll of identify {unknown}


   Skills:
 * Level 0.4 Long Blades
 - Level 0.3 Throwing
 + Level 1.9 Armour
 - Level 1.0 Dodging
 + Level 1.0 Spellcasting
 * Level 0.6 Conjurations
 + Level 3.1 Fire Magic
 * Level 2.1 Earth Magic
 - Level 1.0 Evocations


You had 2 spell levels left.
You knew the following spells:

 Your Spells              Type           Power      Damage    Failure   Level
a - Foxfire               Conj/Fire      24%        2x1d5     45%         1

Your spell library contained the following spells:

 Spells                   Type           Power      Damage    Failure   Level
 Sandblast                Erth           12%        2d6       43%         1
 Inner Flame              Hex/Fire       5%         N/A       87%         3
 Stone Arrow              Conj/Erth      8%         3d7       88%         3
 Flame Wave               Conj/Fire      6%         2d4       99%         4


Dungeon Overview and Level Annotations

Branches:
Dungeon (2/15)

Shops:
D:2 !


Innate Abilities, Weirdness & Mutations

You have an increased reservoir of magic. (+10% MP)
You shall have no god before yourself.
Your divine heritage dramatically boosts your attributes as you level up.


Message History

Confirm with . or Enter, or press ? or * to list all spells.
You conjure some foxfire!
Throw: 46 stones
Press: ? - help, Q - select action, (/) - cycle Shift-Dir - straight line, f - worm
Aim: a worm (ally target, 76% to hit)
You throw a stone.
The stone hits the worm but does no damage.
The foxfire hits the worm.
The worm is moderately wounded.
The foxfire hits the worm.
The worm is heavily wounded.
The worm barely misses you.
You barely miss the worm.
The worm is moderately wounded.
You hit the worm.
The worm is severely wounded.
The worm bites you.
You hit the worm.
The worm is almost dead.
The worm bites you.
You barely miss the worm.
The worm is almost dead.
The worm bites you but does no damage.
You barely miss the worm.
The worm is severely wounded.
The worm bites you.
* * * LOW HITPOINT WARNING * * *
You hit the worm.
The worm is almost dead.
The worm bites you.
* * * LOW HITPOINT WARNING * * *
You hit the worm but do no damage.
The worm is almost dead.
You hit the worm.
The worm is almost dead.
The worm closely misses you.
You hit the worm.
The worm is almost dead.
The worm bites you.
You die...

.# .# .## .# ..# ###
.# #.# #.. ## #.# #.#
#.# #.# #####.## #(#
## #......###w#####
.######.###.....@....#
.†.......)........##.#
#######.#..>###...# #
#.#.#.##........ #
..#.#..##.......#
####.##............
#.# ####...####. #.#
##.## #.# .#


You could see a worm.

Vanquished Creatures
  An adder (D:2)
  A dart slug (D:1)
  2 bats
  An endoplasm (D:1)
  A giant cockroach (D:1)
  A hobgoblin (D:1)
  A quokka (D:1)
  3 ball pythons
  3 rats
14 creatures vanquished.

Vanquished Creatures (others)
  3 foxfires (D:2)
3 creatures vanquished.

Grand Total: 17 creatures vanquished

Notes
Turn   | Place    | Note
-------+----------+-------------------------------------------
     0 | D:1      | cameronsadist the Demigod Wanderer began the quest for the
                  | Orb.
     0 | D:1      | cameronsadist set off with the following items: a +0 club,
                  | 26 stones, a +0 scale mail; and the following spells
                  | available to memorise: Sandblast, Foxfire, Inner Flame,
                  | Stone Arrow, Flame Wave
     0 | D:1      | Reached XP level 1. HP: 14/14 MP: 4/4
   184 | D:1      | Reached skill level 3 in Fire Magic
   190 | D:1      | Learned a level 1 spell: Foxfire
   197 | D:1      | Reached XP level 2. HP: 17/20 MP: 5/5
   611 | D:2      | Found Fuiry's Distillery.
   677 | D:2      | Slain by a worm

Illustrated notes

Levels and vault maps discovered:
D:1:      eino_arrival_water_star, layout_basic, minivault_14, st_stairs_1
D:2:      layout_loops_ring, serial_rivers, chequers_serial_rivers_small_a,
          chequers_serial_rivers_room_b, chequers_serial_rivers_micro_d,
          chequers_serial_rivers_large_a, serial_shops, shop_fountains,
          basic_altar, uniq_sigmund

Skill      XL: |  1 |
---------------+----+-----
Earth Magic    | 2 |  2.1
Fire Magic     | 3 |  3.1
Long Blades    | |  0.4
Throwing       | |  0.3
Armour         | |  1.9
Dodging        | |  1.0
Spellcasting   | |  1.0
Conjurations   | |  0.6
Evocations     | |  1.0

Action                   || total
-------------------------++-------
Melee: Club              ||    12
       Long sword        ||    45
Throw: Stone             ||    18
 Cast: Foxfire           ||     2
Armor: Scale mail        ||    37
Dodge: Dodged            ||    39

Table legend: (Time is in decaauts)
 A = Elapsed time spent in this place.
 B = Non-inter-level travel time spent in this place.
 C = Inter-level travel time spent in this place.
 D = Time resting spent in this place.
 E = Time spent auto-exploring this place.
 F = Levels seen in this place.
 G = Mean time per level.
                   A        B        C        D        E       F      G
               +--------+--------+--------+--------+--------+-----+--------+
         Total |    700 |    438 |    262 |    262 |      0 |   2 |  350.0 |
       Dungeon |    700 |    438 |    262 |    262 |      0 |   2 |  350.0 |
               +--------+--------+--------+--------+--------+-----+--------+

Top non-repeatable levels by time:
     D:1: 413 daAuts
     D:2: 286 daAuts
